[Event "Rosh Hashanah Rapid 2022"]
[Site "Ramat Gan"]
[Date "2022.09.25"]
[Round "4.9"]
[White "Duchan, Yoav"]
[Black "Zak, Uriel"]
[Result "0-1"]
[ECO "C56"]
[WhiteElo "1764"]
[BlackElo "2262"]
[Annotator "TA"]
[PlyCount "116"]
[EventDate "2022.09.25"]
[EventType "rapid"]
[EventCountry "ISR"]
[SourceTitle "playchess.com"]
[Source "ChessBase"]
[SourceQuality "1"]
[TimeControl "900+5"]

1. e4 e5 2. Bc4 Nf6 3. d4 exd4 4. Nf3 Nc6 5. e5 d5 6. Bb5 Ne4 7. Nxd4 Bd7 8. Bxc6 bxc6 9. O-O Bc5 10. Be3 O-O 11. f3 Ng5 12. f4 Ne4 13. Nd2 f6 {[%emt 0:00:12] C56: Two Knights: 4 d4 exd4 5 0-0 Nxe4.} 14. N2b3 (14. Nxe4 $11 dxe4 15. Qe2) 14... Bb6 $15 {[%emt 0:00:20] [#]} 15. Kh1 $146 ({White should try} 15. e6 $15 c5 16. exd7 cxd4 17. Bxd4 Qxd7 18. Bxb6 axb6 19. c4) ({Predecessor:} 15. c3 fxe5 16. fxe5 Rxf1+ 17. Qxf1 Qe7 18. c4 Rf8 19. Qc1 Qxe5 20. c5 Nxc5 21. Nf3 Nxb3 22. Nxe5 Nxc1 23. Bxb6 {0-1 (36) Gratze,M (1948)-Kalisky,V (2147) Skalica 2022}) 15... fxe5 $19 {[%emt 0:00:33] Black is clearly better.} 16. fxe5 Qe7 {[%emt 0:00:52] Inhibits e6.} 17. Bf4 $2 (17. a4 {might work better.}) 17... c5 $2 (17... Qh4 $19 18. e6 Rxf4 19. Rxf4 Qxf4) 18. Ne2 $17 d4 {[%emt 0:01:33] ...Qh4 is the strong threat.} 19. Nd2 Nxd2 {[%emt 0:00:26] Black has more active pieces.} 20. Qxd2 Bc6 21. c3 (21. Bg3 $15) 21... dxc3 22. Nxc3 Qe6 23. Rad1 h6 24. Bg3 c4 25. Qe2 Rad8 26. Rxf8+ Rxf8 27. Rf1 Rxf1+ 28. Qxf1 Bd4 {[%emt 0:00:24] This bishop pair is nice.} 29. Ne2 $2 (29. Bf2 $17 Bxf2 30. Qxf2) 29... Bxe5 $2 (29... Bxb2 $19 {and Black stays clearly on top.} 30. Nf4 Qf7) 30. Bxe5 Qxe5 $19 {[%emt 0:00:03][%mdl 4096] Endgame KQB-KQN} 31. Nc3 Qe6 32. Kg1 Qe3+ 33. Kh1 Qe6 34. Kg1 $1 a6 35. h3 h5 (35... Ba8 $17) 36. Qe2 (36. Qf4 $15) 36... Qf7 (36... Qxe2 $17 37. Nxe2 h4) 37. Qf2 (37. Qe5 $11 {keeps the balance.}) 37... Qg6 38. Qe2 Kh7 39. g4 {[%emt 0:00:05] Black keeps a firm grip on the game.} (39. h4 $15) 39... hxg4 40. Qxg4 (40. hxg4 $17 Qd3 41. Kf2) 40... Qxg4+ 41. hxg4 $17 {[%emt 0:00:01] KB-KN} Bd7 42. Ne4 (42. Kf2 $142) 42... Bxg4 {[%emt 0:00:00] Strongly threatening ...Kg6.} 43. Nd2 $2 (43. Kf2) 43... Be6 $19 44. a3 (44. Ne4 $142 Bd5 45. Nc3) 44... Kg6 45. Kf2 Kf5 46. Ke3 g5 47. Nf1 Ke5 48. Ng3 g4 {[%emt 0:00:00] [#] And now ...Bd5 would win.} 49. Nf1 Bd5 50. Ng3 Bg2 51. Ne2 Bf3 52. Ng3 a5 {[%emt 0:00:00][%cal Ba6a5,Ba5a4][%mdl 32] White must now prevent ...c5.} 53. Nf1 Kd5 {[%emt 0:00:00][%cal Oc4c3] Hoping for ...c3!} 54. Ng3 a4 {[%emt 0:00:00][%cal Oc4c3] ( -> ...c3!)} 55. Nf1 c6 (55... c3 $142 56. bxc3 Kc4 57. Kd2 Kb3 58. Kc1 Kxa3 59. Kd2 Kb2 60. Ne3 a3 61. Nc4+ Kb3 62. Na5+ Ka4 63. Nc4 a2 64. Ke3 a1=Q 65. Kf4 Qc1+ 66. Ne3 Qd2 67. c4 Qd4+ 68. Kf5 Qxe3 69. Kg6 g3 70. Kg7 g2 71. Kh8 g1=Q 72. Kh7 Qe4+ 73. Kh8 Qh4#) 56. Ng3 c5 (56... c3 $142 57. bxc3 Kc4 58. Kd2 Kb3 59. c4 Kxa3 60. Kc2 Ka2 61. Nf1 Be4+ 62. Kc3 Bf3 63. Kc2 {[#]} Bd1+ $1 64. Kc1 Be2 65. Ne3 Kb3 66. Kb1 g3 67. Ng2 Bxc4 68. Nf4 Bd5 69. Kc1 g2 70. Ne2 a3 71. Nd4+ Kb4 72. Ne2 a2 73. Kb2 Bb3 74. Ng1 c5 75. Ne2 c4 76. Ka1 c3 77. Nc1 c2 78. Nd3+ Ka3 79. Nc1 Bc4 80. Nxa2 g1=Q+ 81. Nc1 Qxc1#) 57. Nf1 c3 58. bxc3 Kc4 {[%emt 0:00:00] Weighted Error Value: White=0.69/Black=0.40} 0-1

[Event "Rosh Hashanah Rapid 2022"]
[Site "Ramat Gan"]
[Date "2022.09.25"]
[Round "5.1"]
[White "Ben Ari, Yannay"]
[Black "Mindlin, Alon"]
[Result "1/2-1/2"]
[ECO "D36"]
[WhiteElo "2387"]
[BlackElo "2426"]
[Annotator "TA"]
[PlyCount "75"]
[EventDate "2022.09.25"]
[EventType "rapid"]
[EventCountry "ISR"]
[SourceTitle "playchess.com"]
[Source "ChessBase"]
[SourceQuality "1"]
[TimeControl "900+5"]

1. d4 Nf6 2. c4 Ng8 3. Nc3 Nf6 4. Nb1 e6 5. Nc3 d5 6. cxd5 exd5 7. Bg5 Be7 8. e3 O-O 9. Bd3 c6 10. Nge2 Nbd7 11. O-O Re8 12. Qc2 Nf8 13. a4 {[%emt 0:01:46] [#] D36: Queen's Gambit Declined: Exchange Variation: Main line (5 Bg5 c6 6 Qc2).} g6 $146 ({Predecessor:} 13... a5 14. f3 g6 15. e4 dxe4 16. fxe4 Ne6 17. Bxf6 Bxf6 18. d5 Nd4 19. Nxd4 Bxd4+ 20. Kh1 Qh4 21. g3 Qh5 {0-1 (31) Tovmasyan,H (1940)-Manukyan,G (2317) Van Nuys 2016}) 14. Rae1 Ne6 15. Bh4 Nh5 16. Bxe7 Qxe7 17. Qb3 a5 18. Qa3 Qb4 19. Nc1 Bd7 20. Be2 Nhg7 21. Nd3 Qf8 22. Ne5 Red8 23. Rb1 f6 24. Nd3 Nf5 25. Qxf8+ Kxf8 26. b4 axb4 27. Rxb4 Nd6 28. Bg4 Ng7 29. Be2 Ke7 30. Rfb1 Ne6 31. Bg4 Nf8 (31... Nf4 $11 32. Nxf4 Bxg4) 32. Bf3 (32. Rxb7 $2 Nxb7 33. Rxb7 Rdb8 34. Rxb8 (34. Rc7 $2 Kd6 $19) 34... Rxb8 $17) (32. Bxd7 $14 Nxd7 33. Nc5) 32... Bf5 $11 {[%emt 0:00:04] The position is equal.} 33. Rd1 Bxd3 34. Rxd3 Ne6 35. Rd1 Ra7 36. Rdb1 Kd7 37. Rc1 f5 38. Bd1 {[%emt 0:00:20] A rather calm draw.  Weighted Error Value: White=0.13 (very precise) /Black=0.12 (very precise)} 1/2-1/2

[Event "Rosh Hashanah Rapid 2022"]
[Site "Ramat Gan"]
[Date "2022.09.25"]
[Round "5.2"]
[White "Aizenberg, Benny"]
[Black "Levin, Guy"]
[Result "1/2-1/2"]
[ECO "B32"]
[WhiteElo "2412"]
[BlackElo "2382"]
[Annotator "RC"]
[PlyCount "66"]
[EventDate "2022.09.25"]
[EventType "rapid"]
[EventCountry "ISR"]
[SourceTitle "playchess.com"]
[Source "ChessBase"]
[SourceQuality "1"]
[TimeControl "900+5"]

1. e4 c5 2. Nf3 Nc6 3. d4 cxd4 4. Nxd4 e5 5. Nb5 d6 6. N1c3 a6 7. Na3 Be7 8. Nc4 Be6 9. Nd5 b5 10. Nce3 Nf6 11. Nxf6+ Bxf6 12. c3 O-O 13. Bd3 Bg5 14. O-O b4 15. Qa4 Bd7 16. cxb4 Rb8 17. b5 Nd4 18. Qxa6 Bxb5 19. Bxb5 Rxb5 20. Nd5 Bxc1 21. Raxc1 Rxb2 22. Rc8 Qd7 23. Rxf8+ Kxf8 24. Qa8+ Qe8 25. Qa3 Qb8 26. h3 g6 27. Kh2 Kg7 28. f4 Qb5 29. Qxd6 Qxf1 30. Qxe5+ Kh6 31. Qg5+ Kg7 32. Qf5 Kh6 33. Qg5+ Kg7 1/2-1/2

[Event "Rosh Hashanah Rapid 2022"]
[Site "Ramat Gan"]
[Date "2022.09.25"]
[Round "5.3"]
[White "Zanan, Evgeny"]
[Black "Gorodetzky, David"]
[Result "1-0"]
[ECO "C60"]
[WhiteElo "2485"]
[BlackElo "2495"]
[Annotator "TA"]
[PlyCount "61"]
[EventDate "2022.09.25"]
[EventType "rapid"]
[EventCountry "ISR"]
[SourceTitle "playchess.com"]
[Source "ChessBase"]
[SourceQuality "1"]
[TimeControl "900+5"]

1. e4 e5 2. Nf3 Nc6 3. Bb5 Nge7 4. Nc3 Ng6 5. d4 Nxd4 6. Nxd4 {[%emt 0:00:03] C60: Ruy Lopez: Unusual Black 3rd moves and 3...g6.} exd4 7. Qxd4 c6 8. Be2 {[%emt 0:00:28] The position is equal.} Qb6 9. Be3 Qxd4 (9... Qxb2 {seems wilder.} 10. Rb1 Qa3 11. f4 Qd6) 10. Bxd4 Nf4 11. Bf1 {[%emt 0:00:14] [#]} Ne6 $146 ({Predecessor:} 11... d6 12. O-O-O Ne6 13. Be3 Be7 14. f4 O-O 15. f5 Nc5 16. Bf4 d5 17. exd5 Bxf5 18. dxc6 bxc6 {0-1 (46) Raja,H (2494)-Theodorou,N (2576) Charlotte 2021}) 12. Be3 Be7 13. O-O-O O-O 14. f4 b5 15. e5 f6 16. exf6 Rxf6 17. Ne4 Rf8 18. Nd6 Nxf4 19. c4 {[%emt 0:00:39] Inhibits Nd5.} a6 (19... Bxd6 $5 20. Rxd6 a6 $11) 20. g3 Ng6 21. c5 (21. Bc5 {is more complex.} Ne5 22. Re1 Rxf1 23. Rhxf1 Nd3+ 24. Kc2) 21... Ne5 22. Bh3 Bxd6 23. cxd6 c5 {[%emt 0:00:02] [#]} (23... Bb7 $11 {keeps the balance.}) 24. Bxc5 {[%emt 0:00:28] White is more active.} ({White should try} 24. Rhe1 $1 $16) 24... Bb7 $11 25. Rhe1 Nf3 {[%emt 0:00:10][%mdl 8192] Loses the game.} (25... Rae8 $11) 26. Re7 $18 {[%emt 0:00:06] White is clearly winning.} ({Less strong is} 26. Bxd7 Nxe1 27. Be6+ Kh8 $18) 26... Bc6 27. Bxd7 Bxd7 28. Rxd7 Nxh2 29. Bd4 Rf7 30. Rxf7 Kxf7 31. d7 {[%emt 0:00:07] Weighted Error Value: White=0.14 (very precise) /Black=0.48} 1-0

[Event "Rosh Hashanah Rapid 2022"]
[Site "Ramat Gan"]
[Date "2022.09.25"]
[Round "5.4"]
[White "Dvoirys, Semen I."]
[Black "Veinberg, Nimrod"]
[Result "1-0"]
[ECO "C99"]
[WhiteElo "2461"]
[BlackElo "2400"]
[Annotator "TA"]
[PlyCount "83"]
[EventDate "2022.09.25"]
[EventType "rapid"]
[EventCountry "ISR"]
[SourceTitle "playchess.com"]
[Source "ChessBase"]
[SourceQuality "1"]
[TimeControl "900+5"]

1. e4 e5 2. Nf3 Nc6 3. Bb5 a6 4. Ba4 Nf6 5. O-O Be7 6. Re1 b5 7. Bb3 d6 8. c3 O-O 9. h3 Na5 10. Bc2 c5 11. d4 Qc7 12. Nbd2 cxd4 13. cxd4 Bd7 14. Nf1 {[%emt 0:00:22] C99: Closed Ruy Lopez: Chigorin Defence: 11 d4 Qc7 12 Nbd2 cxd4.} Rfe8 15. Ng3 Rac8 16. Re2 {[%emt 0:01:07] White has an edge.} exd4 17. Nxd4 {[%emt 0:00:05] [#]} d5 $146 (17... g6 $14) ({Predecessor:} 17... Bf8 18. Bg5 Qd8 19. Ndf5 h6 20. Bf4 Bxf5 21. Nxf5 Nc4 22. b3 Ne5 23. Rd2 Qc7 {1-0 (43) Chaucanes,L (1982)-Morales,D Bogota 2006}) 18. e5 $16 Bc5 $2 (18... Ne4 $16) 19. Nf3 $2 (19. exf6 $18 {is the precise move to win.} g6 20. Ngf5 $1 ) 19... Nc6 (19... Ne4 $16 {was called for.} 20. Nxe4 dxe4 21. Bxe4 h6) 20. Bf4 $1 $18 d4 21. Bb3 {[%emt 0:02:28] Inhibits Nd5.} Be6 22. Rc1 Bxb3 23. Qxb3 Na5 24. Qd3 ({White should play} 24. Qc2 $1 $18 Red8 25. Qf5 (25. exf6 Qxf4 26. Rd1 g6 $15)) 24... Nd5 $16 25. Ng5 {[%emt 0:00:42] White has more active pieces.} g6 $11 (25... Nxf4 {gets mated.} 26. Qxh7+ Kf8 27. Nf5 $1 (27. Qh8+ Ke7 $11) 27... Nxe2+ 28. Kf1) 26. Qf3 (26. e6 $11 Nxf4 27. Rxc5 $1 Nxd3 28. Rxc7) 26... d3 $2 (26... Nxf4 $15 {keeps the upper hand.} 27. Qxf4 d3 28. Rxc5 dxe2 29. Nxe2 Qe7 30. Rxc8 Rxc8) 27. Qxd5 $2 (27. e6 $18 Nxf4 28. exf7+ Qxf7 29. Nxf7 Nxe2+ 30. Kh2 (30. Nxe2 dxe2 31. Re1 Rf8 $16)) 27... dxe2 28. Nxe2 (28. N3e4 $1 $11) 28... Nc4 (28... Red8 $15 29. Qf3 Qb7) 29. b3 (29. Ne4 $11) 29... Rcd8 ({Don't take} 29... Nxe5 30. Ne4 Bxf2+ 31. Kxf2 Qb6+ 32. Be3 $16) 30. Qf3 (30. bxc4 $17 Rxd5 31. cxd5) 30... Nxe5 $19 31. Qg3 {[%emt 0:00:05] Threatens to win with Ne4.} Qe7 $1 32. Ne4 (32. Bxe5 $142 Qxe5 33. Nf3 Bxf2+ 34. Qxf2 Qxe2 35. Rf1) 32... Bb6 $2 (32... Nd3 $19 33. Nxc5 Nxc1 34. Bxc1 Qxc5) 33. Bg5 $36 {[%emt 0:00:02][%mdl 3072] White has compensation. White has the initiative.} Qe6 (33... Qa7 $1 $11 {and Black is okay.} 34. Nf4 (34. Bxd8 Bxd8 35. Rd1 Nc6 $14) 34... Nd7 35. Bxd8 Bxd8) 34. Nf6+ Kg7 {[%emt 0:00:06] [#]} 35. Qh4 $1 {[%emt 0:00:05] White wants to mate with Qh6+.} h5 {[%emt 0:00:27][%cal Oe5f3] [#]} 36. Nf4 $1 {[%emt 0:00:02] The board is on fire. Pair of Knights!} Qf5 (36... Qd6 37. Ne4 Bxf2+ 38. Qxf2 Qd4) 37. N4xh5+ $18 gxh5 38. Nxh5+ {[%emt 0:00:01][%mdl 64] Discovered Attack} Kg8 39. Nf6+ Kf8 40. Qh6+ Ke7 41. Nd5+ {[%emt 0:00:02][%mdl 64] Discovered Attack (Double check), Double Attack} Kd7 42. Nxb6# {[%emt 0:00:00] What a fight!  Weighted Error Value: White=0.80/Black=0.81} 1-0

[Event "Rosh Hashanah Rapid 2022"]
[Site "Ramat Gan"]
[Date "2022.09.25"]
[Round "5.5"]
[White "Zak, Uriel"]
[Black "Sokolovsky, Yahli"]
[Result "0-1"]
[ECO "A49"]
[WhiteElo "2262"]
[BlackElo "2419"]
[Annotator "TA"]
[PlyCount "68"]
[EventDate "2022.09.25"]
[EventType "rapid"]
[EventCountry "ISR"]
[SourceTitle "playchess.com"]
[Source "ChessBase"]
[SourceQuality "1"]
[TimeControl "900+5"]

1. d4 {[%emt 0:02:07] Krasenkow,Michal} Nf6 2. Nf3 g6 3. g3 Bg7 4. Bg2 O-O 5. O-O d6 6. b3 b5 7. Bb2 Bb7 8. Nbd2 Nbd7 9. c4 {[%emt 0:00:06] A49: 1 d4 Nf6 2 Nf3 g6 3 g3: Anti-King's Indian systems.} bxc4 10. Nxc4 a5 {[%emt 0:00:01] [#]} 11. Ne1 $146 {[%emt 0:00:25] The position is equal.} ({Predecessor:} 11. Rc1 c5 12. dxc5 Nxc5 13. Bd4 Ncd7 14. a4 Ra6 15. Na3 Qa8 16. Nb5 Rc6 17. Rxc6 Bxc6 {0-1 (58) Meier,G (2628)-Carlsen,M (2845) Karlsruhe/Baden Baden 2019 CBM 190 [Krasenkow,Michal]}) 11... Bxg2 12. Nxg2 c5 13. Nge3 Ra6 14. dxc5 Nxc5 15. Bd4 Ne6 16. Rc1 Nxd4 17. Qxd4 Qa8 {[%emt 0:00:30] Inhibits Nd5.} 18. Rfd1 Rb8 {[%emt 0:00:43] Against Nb6} 19. Rb1 ({White should try} 19. Nd5 $15 Qxd5 20. Qxd5 Nxd5 21. Rxd5) 19... Ne4 $19 20. Qd3 Nc3 21. Nd5 Nxd1 (21... Nxb1 22. Nc7 Qc6 23. Nxa6 Qxa6 24. Rxb1 $11) 22. Nxe7+ {[%emt 0:01:15] Pair of Knights!} Kf8 23. Nd5 {[%emt 0:00:07] [#] Against Nc3} Nxf2 24. Kxf2 Re8 25. Rd1 Qc8 {[%emt 0:00:44] Against Nc7} 26. Kg2 Rc6 27. Rf1 Qg4 28. Nf4 Be5 29. h3 Qg5 30. e4 Bxf4 31. Rxf4 Qc5 32. Qc3 {[%emt 0:00:26] [#]} (32. a4 $142) 32... Kg8 $1 {[%emt 0:00:55] Hoping for ...d5. Black has a decisive advantage.} ({And not} 32... Re5 33. Qa1 $15) 33. Qf6 Rf8 {[%emt 0:00:01] And now ...d5 would win.} 34. Qe7 d5 {[%emt 0:00:12] Weighted Error Value: White=0.24 (precise) /Black=0.05 (flawless)} 0-1

[Event "Rosh Hashanah Rapid 2022"]
[Site "Ramat Gan"]
[Date "2022.09.25"]
[Round "5.6"]
[White "Parkhov, Yair"]
[Black "Gurevich, Yosef"]
[Result "1-0"]
[ECO "E73"]
[WhiteElo "2479"]
[BlackElo "1914"]
[Annotator "TA"]
[PlyCount "61"]
[EventDate "2022.09.25"]
[EventType "rapid"]
[EventCountry "ISR"]
[SourceTitle "playchess.com"]
[Source "ChessBase"]
[SourceQuality "1"]
[TimeControl "900+5"]

1. d4 Nf6 2. c4 g6 3. Nc3 Bg7 4. e4 d6 5. Be2 O-O 6. Be3 c5 7. d5 e6 8. Nf3 {[%emt 0:00:02] E73: King's Indian: Averbakh Variation without 6...c5.} exd5 9. cxd5 b5 10. e5 $1 {[%emt 0:00:01] White is slightly better.} Ng4 11. Bg5 (11. Nxb5 Nxe5 12. Nxe5 Bxe5 $11) 11... Qb6 12. exd6 (12. Bxb5 a6 13. Be2 Nxe5 $15) 12... b4 13. Ne4 $36 {[%emt 0:00:02][%mdl 2048] White has some pressure.} Re8 {[%emt 0:00:13] [#]} (13... Nd7 $14) 14. Nfd2 $1 $16 {[%emt 0:00:57] [#]} h6 $146 (14... Ne5 $16 {was called for.}) ({Predecessor:} 14... Bf5 15. Be7 c4 16. Bxg4 c3 17. O-O Bxg4 18. Qxg4 cxd2 19. Ng5 h6 20. Nxf7 Rxe7 21. dxe7 Kxf7 22. Rad1 Qd6 23. e8=Q+ Kxe8 24. Qc8+ Qd8 25. Rfe1+ {1-0 (25) Vrolijk,L (2478)-Van Dael,S (2273) Hoogeveen 2019}) 15. Be7 $18 ({Weaker is} 15. Bxg4 hxg5 16. Bxc8 Rxc8 $16) 15... Ne5 16. O-O Bf5 (16... c4 $142 17. Rc1 (17. Nxc4 Nxc4 18. Bxc4 Nd7 $16) (17. Bxc4 Nbd7 $16) 17... Qd4 18. Nf6+ (18. Bxc4 Nbd7 $16) 18... Bxf6) 17. f4 Ned7 18. Nc4 Qb7 19. Bf3 (19. Ng3 $142) 19... Bd4+ (19... Nb6 $142) 20. Kh1 {[%emt 0:00:02] Ng3 is the strong threat.} Bxe4 21. Bxe4 {[%emt 0:00:02] Strongly threatening f5.} Nf6 22. Qd3 {[%emt 0:00:37][%cal Oe4g6] Hoping for Bxg6!} Nxe4 23. Qxe4 {[%emt 0:00:02] And now f5 would win.} Nd7 24. Ne5 {[%emt 0:00:33][%cal Oe5f7] Black must now prevent Nxf7!} Nb6 $2 {[%emt 0:01:09] [#]} (24... Rxe7 25. dxe7 Nf6) 25. Nxf7 $1 Kxf7 26. Qe6+ Kg7 27. f5 {[%emt 0:00:01] Dancing on a razor blade.} gxf5 (27... Kh8 $18 28. Qxg6 Rxe7 29. dxe7 Qxe7) 28. Rxf5 {[%emt 0:00:05] White mates.} Kh7 29. Rf7+ Bg7 30. Rxg7+ Kxg7 31. Qf6+ {[%emt 0:00:02] Weighted Error Value: White=0.12 (very precise) /Black=0.60} 1-0

[Event "Rosh Hashanah Rapid 2022"]
[Site "Ramat Gan"]
[Date "2022.09.25"]
[Round "5.8"]
[White "After, Asaf"]
[Black "Zemach, Nadav"]
[Result "0-1"]
[ECO "A00"]
[WhiteElo "2056"]
[BlackElo "2238"]
[Annotator "TA"]
[PlyCount "150"]
[EventDate "2022.09.25"]
[EventType "rapid"]
[EventCountry "ISR"]
[SourceTitle "playchess.com"]
[Source "ChessBase"]
[SourceQuality "1"]
[TimeControl "900+5"]

1. b4 Nf6 2. Bb2 d5 3. e3 e6 4. b5 c5 5. Nf3 Be7 6. c4 {[%emt 0:00:02] A00: Irregular Openings.} Nbd7 7. a4 O-O {[%emt 0:00:36] [#]} 8. d3 $146 {[%emt 0:00:02] The position is equal.} ({Predecessor:} 8. d4 b6 9. Be2 dxc4 10. Bxc4 Bb7 11. O-O Rc8 12. Be2 cxd4 13. Nxd4 Ne4 14. Bf3 {1-0 (25) Necula,I (1890)-Matveeva,O (2171) Chess.com INT 2022}) 8... Bd6 9. Nbd2 Re8 10. Be2 e5 (10... b6 $11) 11. cxd5 $14 Nxd5 12. O-O b6 13. Nc4 Bc7 14. e4 Nf4 15. Re1 (15. g3 $5 Nxe2+ 16. Qxe2 $11) 15... Nxe2+ 16. Rxe2 f6 17. a5 bxa5 18. Bc3 a6 19. Nxa5 {[%emt 0:01:52] Hoping for Nc6.} Qe7 (19... axb5 $2 20. Nc6 Rb8 21. Nxd8 $18) (19... Nf8 $15 20. Nc6 Qd7) 20. Nc4 Bb7 (20... Nb6 $11) 21. b6 $1 $16 Bd8 22. Rb2 Kh8 23. Nh4 g6 {[%emt 0:00:15] Against Nf5} 24. Rab1 (24. Qd2 $16) 24... Rb8 $14 25. Qa4 {[%emt 0:00:20] Inhibits Bc6.} Qe6 26. Nf3 Kg7 27. h3 h5 (27... Bc6 $5 28. Qc2 (28. Qxa6 Ra8 $11) 28... Bb5 $11) 28. Rb3 (28. Qd1 $142) 28... g5 (28... Bc6 $11 {remains equal.} 29. Qxa6 Ra8 30. Qxa8 Bxa8) 29. Nh2 (29. R3b2 $16) 29... Bc6 $1 $11 30. Qxa6 Ra8 31. Qxa8 Bxa8 32. b7 $36 {[%emt 0:00:01][%mdl 2048] White has good play.} Be7 (32... Bc7 $5 ) 33. Nf1 Kg8 (33... Qc6 $14 {is superior.}) 34. Nfe3 {[%emt 0:00:02] Black must now prevent Nd5.} Bxb7 35. Rxb7 $18 Rd8 36. Nf5 $2 {[%emt 0:00:13] Prevents Bd6.} (36. Nd5) 36... Bf8 37. Nce3 $1 {[%emt 0:00:09][%mdl 1024] Prevents g4. Nd5 is the strong threat. White has strong compensation. Pair of Knights!} Qa6 38. R1b5 (38. Nd5 $18) 38... Qa3 $2 (38... Ra8 $1 $11) 39. Rb3 $2 (39. Nd5 $18 {Threatens to win with Ba5.} Qa6 40. Kh2) 39... Qa6 {[%emt 0:00:02] Prevents Ba5.} (39... Qc1+ $11 40. Kh2 c4 41. dxc4 Nc5) 40. Bb2 (40. Nd5 $16) 40... Qa5 {[%emt 0:00:21][%mdl 8192] [#] Prevents R3b6.} (40... c4 $11 {and Black stays safe.} 41. Nxc4 Nc5) 41. Kf1 $2 ({Only move:} 41. Nd5 $1 $18 {[%cal Ob7d7] aiming for Rxd7!} c4 42. dxc4) 41... Qa6 (41... c4 $17 42. Nxc4 Qa4) 42. g4 (42. Kg1 $11 {keeps the balance.}) 42... hxg4 43. hxg4 $2 ({White must play} 43. Nxg4 $15 c4 44. R3b6 Qxb6 45. Rxb6 Nxb6 46. Nxf6+ Kf7 47. Ng4) 43... Qa4 $2 {[%emt 0:00:16] [#]} (43... c4 $1 $19 44. dxc4 Nc5) 44. Kg2 $2 (44. Ra3 $1 $16 {[%cal Ra3a4] is necessary to keep the advantage.} Qc6 45. Raa7) 44... Qa6 (44... c4 $1 $19 45. dxc4 Nc5) 45. Kf3 $2 (45. Nc4 $16 {stays on course.}) 45... Qa4 $2 (45... c4 $1 $19 46. dxc4 Nc5) 46. Nc4 ({White should try} 46. Ra3 $16 Qc6 47. Raa7) 46... Qa6 (46... Qa8 $11) 47. Bc3 (47. Kg2 $16) 47... Qa8 $1 $11 48. Ba5 (48. Rb2 $1 $14) 48... Rb8 {[%emt 0:00:02] Really sharp!} 49. Rxb8 Nxb8 50. Bc7 Nc6 51. Rb6 Kf7 52. Bd6 Nd4+ 53. Nxd4 cxd4 54. Rb8 Qa1 55. Rxf8+ Kg7 {[%emt 0:00:00] And now ...Qd1+ would win.} 56. Rd8 $2 (56. Kg2 $11) 56... Qd1+ $19 {[%emt 0:00:02][%mdl 64] Deflection, Double Attack} 57. Kg2 $2 (57. Kg3 {was the only defense.} Qxd3+ 58. Ne3) 57... Qxd3 $2 ({Better is} 57... Qxg4+ $19 58. Kh2 Qf3) 58. Rd7+ $11 Kg8 (58... Kg6 $5 59. Bf8 $8 Qxe4+ 60. f3 Qc2+ 61. Kg1 Qe2 $11) 59. Rd8+ Kg7 (59... Kf7 $5 60. Rd7+ $8 Ke8 61. Re7+ Kd8 $11) 60. Rd7+ Kg8 (60... Kg6 $5 61. Bf8 $8 Qxe4+ 62. f3 Qc2+ 63. Kg1 Qe2 $11) 61. Rd8+ Kf7 62. Rc8 $2 (62. Rd7+ $1 $11 Ke8 63. Re7+ Kd8 64. Nb6) 62... Qxe4+ $19 63. Kf1 (63. f3 $142 Qe2+ 64. Kg3 Qe1+ 65. Kg2) 63... Qxg4 (63... Qb1+ $142 64. Ke2 d3+ 65. Kf3 Qh1+ 66. Ke3 Qd1 67. Rc7+ Ke6) 64. Ba3 (64. Rb8 $142 d3 65. Ne3) 64... Qd1+ 65. Kg2 Qg4+ 66. Kf1 $1 Qh3+ 67. Ke1 Qc3+ 68. Kf1 Qd3+ 69. Kg1 Kg6 {[%emt 0:00:03] Strongly threatening ...Qd1+.} 70. Rc7 Kh5 71. Be7 Kg4 {[%emt 0:00:09] ( -> ...Kh3)} 72. Bxf6 Kh3 73. Rh7+ Qxh7 {[%emt 0:00:02][%cal Rh7b1] Black mates.} 74. Nd2 Qd3 75. Nf1 Qf3 {[%emt 0:00:01] Black used his chance.  Weighted Error Value: White=0.84/Black=0.69} 0-1

[Event "Rosh Hashanah Rapid 2022"]
[Site "Ramat Gan"]
[Date "2022.09.25"]
[Round "5.10"]
[White "Kaganskiy, Gleb"]
[Black "Michaeli, Omri"]
[Result "1-0"]
[ECO "C47"]
[WhiteElo "2225"]
[BlackElo "1889"]
[Annotator "TA"]
[PlyCount "87"]
[EventDate "2022.09.25"]
[EventType "rapid"]
[EventCountry "ISR"]
[SourceTitle "playchess.com"]
[Source "ChessBase"]
[SourceQuality "1"]
[TimeControl "900+5"]

1. e4 e5 2. Nf3 Nc6 3. Nc3 Nf6 4. d4 exd4 5. Nxd4 Bb4 6. Nxc6 bxc6 7. Bd3 d5 8. Bd2 O-O 9. O-O Re8 {[%emt 0:00:27] [#] C47: Scotch Four Knights and Four Knights with 4 g3.} 10. Nxd5 $1 Nxd5 11. exd5 Bxd2 {[%emt 0:00:11] The position is equal.} 12. Qxd2 cxd5 13. Rfe1 Rxe1+ 14. Rxe1 Be6 15. Qf4 {[%emt 0:01:14] [#]} Qf6 $146 (15... c5 $11) ({Predecessor:} 15... c5 16. c4 d4 17. h4 Rc8 18. h5 Qf6 19. Qxf6 gxf6 20. h6 Kf8 {1-0 (32) Citra,D (2227)-Zvara,P (2370) Pardubice 2017}) 16. Qxf6 $14 ({Much worse is} 16. Qxc7 Qxb2 17. Qa5 g6 $11) 16... gxf6 {[%emt 0:00:02][%mdl 4096] Endgame KRB-KRB} 17. f4 Re8 18. Kf2 {[%emt 0:01:29] White is more active. Black is on the road to losing.} c5 {[%emt 0:01:31] [#]} (18... Rb8 $14) 19. f5 $1 $18 Bd7 20. Rxe8+ Bxe8 {[%emt 0:00:02] [#] KB-KB} 21. b4 $1 c4 (21... cxb4 $142 22. Ke3 Bc6) 22. Be2 {[%emt 0:00:20] aiming for Ke3.} Kf8 $2 (22... Bd7 {is a better chance.} 23. g4 Ba4) 23. Ke3 Ke7 24. Kd4 Kd6 25. Bf3 Bc6 26. c3 a6 (26... h6 $142 27. a4 a6) 27. g3 h6 28. a3 Bb7 29. Bh5 Ke7 30. Kc5 Ba8 31. a4 Bb7 32. b5 axb5 33. axb5 {[%emt 0:00:02] Bf3 would kill now.} Bc8 34. Bf3 Bxf5 35. Bxd5 Be6 36. Bxc4 Kd7 37. Bd5 {[%emt 0:00:12] White wants to mate with Bxe6+.} h5 38. h4 {[%emt 0:00:02] White mates.} Kc7 39. b6+ Kb8 40. c4 f5 41. Bxe6 fxe6 42. Kd6 Kb7 43. c5 Ka6 44. Kxe6 {[%emt 0:00:04] Weighted Error Value: White=0.07 (flawless) /Black=0.72} 1-0